TOP OF THE 1ST |
Scottsdale Scorpions batting - Pitching for El Paso Texans : RHP Patrick Bland
|
Pitching: RHP Patrick Bland
|
|
Batting: SHB Luis López
|
0-0: Called Strike 0-1: Ball 1-1: Swinging Strike 1-2: Strikes out swinging
|
Batting: RHB José Martínez
|
0-0: Hit by Pitch
|
Batting: RHB Randy Banks
|
0-0: Foul Ball, location: 2F 0-1: Ball 1-1: Ball José Martínez is caught stealing 2nd base 2-1: Swinging Strike 2-2: Strikes out swinging
|
Top of the 1st over - 0 runs, 0 hits, 0 errors, 0 left on base; Scottsdale 0 - El Paso 0 |
BOTTOM OF THE 1ST |
El Paso Texans batting - Pitching for Scottsdale Scorpions : RHP Jorge Chávez
|
Pitching: RHP Jorge Chávez
|
|
Batting: SHB António Cervantes
|
0-0: Ball 1-0: Ball 2-0: Ball 3-0: Called Strike 3-1: Base on Balls
|
Batting: LHB António Fonseca
|
0-0: Foul Ball, location: 2F 0-1: Ball 1-1: Ball 2-1: Fly out, F8 (Flyball, 8LD)
|
Batting: LHB Ramón Ortega
|
0-0: Called Strike António Cervantes steals 2nd base 0-1: Foul Ball, location: 2F 0-2: Ball 1-2: Strikes out swinging
|
Batting: LHB Cipriano Rangel
|
0-0: Swinging Strike 0-1: Ball 1-1: Ball 2-1: Foul Ball, location: 2F 2-2: Ball 3-2: Base on Balls
|
Batting: RHB Kereje Zuka
|
0-0: Called Strike 0-1: Swinging Strike 0-2: Ball 1-2: Strikes out swinging
|
Bottom of the 1st over - 0 runs, 0 hits, 0 errors, 2 left on base; Scottsdale 0 - El Paso 0 |
TOP OF THE 2ND |
Scottsdale Scorpions batting - Pitching for El Paso Texans : RHP Patrick Bland
|
Batting: LHB Tony Ayala
|
0-0: Called Strike 0-1: Foul Ball, location: 2F 0-2: Ball 1-2: Foul Ball, location: 2F 1-2: Strikes out swinging
|
Batting: RHB Phil Rowlett
|
0-0: Fly out, F8 (Flyball, 8LS)
|
Batting: LHB John Jones
|
0-0: Swinging Strike 0-1: Ball 1-1: Foul Ball, location: 2F 1-2: SINGLE (Line Drive, 8LS)
|
Batting: RHB Rob Johnston
|
0-0: Ball 1-0: Ball 2-0: Called Strike 2-1: Swinging Strike 2-2: Strikes out looking
|
Top of the 2nd over - 0 runs, 1 hit, 0 errors, 1 left on base; Scottsdale 0 - El Paso 0 |
BOTTOM OF THE 2ND |
El Paso Texans batting - Pitching for Scottsdale Scorpions : RHP Jorge Chávez
|
Batting: RHB Chris Smith
|
0-0: Foul Ball, location: 2F 0-1: Called Strike 0-2: Ball 1-2: Strikes out looking
|
Batting: RHB Manny Holguín
|
0-0: Called Strike 0-1: Ground out 5-3 (Groundball, 56)
|
Batting: RHB Ed McVinish
|
0-0: Ground out 5-3 (Groundball, 56)
|
Bottom of the 2nd over - 0 runs, 0 hits, 0 errors, 0 left on base; Scottsdale 0 - El Paso 0 |
TOP OF THE 3RD |
Scottsdale Scorpions batting - Pitching for El Paso Texans : RHP Patrick Bland
|
Batting: RHB Miguel Ramos
|
0-0: Ball 1-0: Fly out, F9 (Flyball, 9LMF)
|
Batting: RHB Carlos Rosales
|
0-0: Ball 1-0: Foul Ball, location: 2F 1-1: Ball 2-1: Called Strike 2-2: Strikes out swinging
|
Batting: SHB Luis López
|
0-0: SINGLE (Groundball, 6MD)
|
Batting: RHB José Martínez
|
0-0: Foul Ball, location: 2F 0-1: Ball 1-1: Foul Ball, location: 2F 1-2: Foul Ball, location: 2F 1-2: Foul Ball, location: 2F 1-2: Foul Ball, location: 2F 1-2: Ball 2-2: Fielders Choice at 2nd, 5-4 (Groundball, 5)
|
Top of the 3rd over - 0 runs, 1 hit, 0 errors, 1 left on base; Scottsdale 0 - El Paso 0 |
BOTTOM OF THE 3RD |
El Paso Texans batting - Pitching for Scottsdale Scorpions : RHP Jorge Chávez
|
Batting: LHB Gus Price
|
0-0: Called Strike 0-1: Ball 1-1: Ball 2-1: Foul Ball, location: 2F 2-2: Ground out 6-3 (Groundball, 6M)
|
Batting: SHB António Cervantes
|
0-0: Ball 1-0: Swinging Strike 1-1: Foul Ball, location: 2F 1-2: Foul Ball, location: 2F 1-2: Foul Ball, location: 2F 1-2: Strikes out looking and he ARGUES THE CALL AND IS TOSSED!
|
Batting: LHB António Fonseca
|
0-0: Ball 1-0: Swinging Strike 1-1: Swinging Strike 1-2: Strikes out looking
|
Bottom of the 3rd over - 0 runs, 0 hits, 0 errors, 0 left on base; Scottsdale 0 - El Paso 0 |
TOP OF THE 4TH |
Scottsdale Scorpions batting - Pitching for El Paso Texans : RHP Patrick Bland
|
Now in CF: Stephen Black
|
|
Batting: RHB Randy Banks
|
0-0: Swinging Strike 0-1: Ball 1-1: Ground out 3-1 (Groundball, 34S)
|
Batting: LHB Tony Ayala
|
0-0: Swinging Strike 0-1: Ball 1-1: Ball 2-1: Foul Ball, location: 2F 2-2: SINGLE (Groundball, 4D)
|
Batting: RHB Phil Rowlett
|
0-0: Ball 1-0: Ball 2-0: Ball 3-0: Swinging Strike 3-1: Foul Ball, location: 2F 3-2: Strikes out swinging Tony Ayala steals 2nd base Batter strikes out.
|
Batting: LHB John Jones
|
0-0: Ball 1-0: Called Strike 1-1: Swinging Strike 1-2: DOUBLE (Flyball, 78XD) Tony Ayala scores
|
Batting: RHB Rob Johnston
|
0-0: Ball 1-0: Ball 2-0: Foul Ball, location: 2F 2-1: Foul Ball, location: 2F 2-2: Ball 3-2: Foul Ball, location: 2F 3-2: Base on Balls
|
Batting: RHB Miguel Ramos
|
0-0: Ball 1-0: Ball 2-0: Foul Ball, location: 2F 2-1: 3-RUN HOME RUN (Line Drive, 7D), Distance : 412 ft
|
Batting: RHB Carlos Rosales
|
0-0: SINGLE (Line Drive, 8LS)
|
Batting: SHB Luis López
|
0-0: Called Strike 0-1: Called Strike 0-2: SINGLE (Flyball, 7LS) Carlos Rosales to second
|
Batting: RHB José Martínez
|
0-0: Called Strike 0-1: Ball 1-1: Foul Ball, location: 2F 1-2: Ball 2-2: Ground out 4-3 (Groundball, 4S)
|
Top of the 4th over - 4 runs, 5 hits, 0 errors, 2 left on base; Scottsdale 4 - El Paso 0 |
BOTTOM OF THE 4TH |
El Paso Texans batting - Pitching for Scottsdale Scorpions : RHP Jorge Chávez
|
Batting: LHB Ramón Ortega
|
0-0: Ball 1-0: Foul Ball, location: 2F 1-1: Ball 2-1: Fly out, F4 (Line Drive, 4)
|
Batting: LHB Cipriano Rangel
|
0-0: Ground out 5-3 (Groundball, 56S)
|
Batting: RHB Kereje Zuka
|
0-0: Ball 1-0: Foul Ball, location: 2F 1-1: Swinging Strike 1-2: Strikes out swinging
|
Bottom of the 4th over - 0 runs, 0 hits, 0 errors, 0 left on base; Scottsdale 4 - El Paso 0 |
TOP OF THE 5TH |
Scottsdale Scorpions batting - Pitching for El Paso Texans : RHP Patrick Bland
|
Batting: RHB Randy Banks
|
0-0: Fly out, F8 (Flyball, 8LXD)
|
Batting: LHB Tony Ayala
|
0-0: SINGLE (Groundball, 56D)
|
Batting: RHB Phil Rowlett
|
0-0: Called Strike 0-1: Called Strike 0-2: Foul Ball, location: 2F 0-2: Fly out, F7 (Flyball, 7D)
|
Batting: LHB John Jones
|
0-0: Called Strike 0-1: Ball 1-1: Ground out U3 (Groundball, 3S)
|
Top of the 5th over - 0 runs, 1 hit, 0 errors, 1 left on base; Scottsdale 4 - El Paso 0 |
BOTTOM OF THE 5TH |
El Paso Texans batting - Pitching for Scottsdale Scorpions : RHP Jorge Chávez
|
Batting: RHB Chris Smith
|
0-0: Ball 1-0: Called Strike 1-1: Called Strike 1-2: Strikes out looking
|
Batting: RHB Manny Holguín
|
0-0: Called Strike 0-1: Foul Ball, location: 2F 0-2: Ball 1-2: Ball 2-2: Foul Ball, location: 2F 2-2: Foul Ball, location: 2F 2-2: Strikes out swinging
|
Batting: RHB Ed McVinish
|
0-0: Fly out, F8 (Flyball, 8RD)
|
Bottom of the 5th over - 0 runs, 0 hits, 0 errors, 0 left on base; Scottsdale 4 - El Paso 0 |
TOP OF THE 6TH |
Scottsdale Scorpions batting - Pitching for El Paso Texans : RHP Patrick Bland
|
Batting: RHB Rob Johnston
|
0-0: Foul Ball, location: 2F 0-1: Fly out, F7 (Flyball, 78S)
|
Batting: RHB Miguel Ramos
|
0-0: Called Strike 0-1: Ball 1-1: Foul Ball, location: 2F 1-2: Ball 2-2: Ball 3-2: Foul Ball, location: 2F 3-2: Foul Ball, location: 2F 3-2: Foul Ball, location: 2F 3-2: Strikes out swinging
|
Batting: RHB Carlos Rosales
|
0-0: Called Strike 0-1: Foul Ball, location: 2F 0-2: Fly out, F6 (Line Drive, 56)
|
Top of the 6th over - 0 runs, 0 hits, 0 errors, 0 left on base; Scottsdale 4 - El Paso 0 |
BOTTOM OF THE 6TH |
El Paso Texans batting - Pitching for Scottsdale Scorpions : RHP Jorge Chávez
|
Batting: LHB Gus Price
|
0-0: Ball 1-0: Foul Ball, location: 2F 1-1: Ground out 6-3 (Groundball, 6MS)
|
Batting: RHB Stephen Black
|
0-0: Called Strike 0-1: Ball 1-1: Ball 2-1: Foul Ball, location: 2F 2-2: Fly out, F9 (Flyball, 89S)
|
Now in RF: Nathan Taylor
|
|
Batting: LHB António Fonseca
|
0-0: Fly out, F8 (Flyball, 89D)
|
Bottom of the 6th over - 0 runs, 0 hits, 0 errors, 0 left on base; Scottsdale 4 - El Paso 0 |
TOP OF THE 7TH |
Scottsdale Scorpions batting - Pitching for El Paso Texans : RHP Patrick Bland
|
Pitching: RHP Oscar Martin
|
|
Batting: RHB Nathan Taylor
|
0-0: Foul Ball, location: 2F 0-1: Ball 1-1: Ground out 4-3 (Groundball, 4)
|
Batting: RHB José Martínez
|
0-0: Swinging Strike 0-1: Foul Ball, location: 2F 0-2: Strikes out swinging
|
Batting: RHB Randy Banks
|
0-0: Foul Ball, location: 2F 0-1: Ball 1-1: Fly out, F7 (Flyball, 7)
|
Top of the 7th over - 0 runs, 0 hits, 0 errors, 0 left on base; Scottsdale 4 - El Paso 0 |
BOTTOM OF THE 7TH |
El Paso Texans batting - Pitching for Scottsdale Scorpions : RHP Jorge Chávez
|
Batting: LHB Ramón Ortega
|
0-0: Ball 1-0: Fly out, F8 (Flyball, 8RD)
|
Batting: LHB Cipriano Rangel
|
0-0: Fly out, F6 (Line Drive, 6)
|
Batting: RHB Kereje Zuka
|
0-0: Swinging Strike 0-1: Ball 1-1: Ball 2-1: Swinging Strike 2-2: Foul Ball, location: 2F 2-2: Fly out, F7 (Flyball, 7)
|
Bottom of the 7th over - 0 runs, 0 hits, 0 errors, 0 left on base; Scottsdale 4 - El Paso 0 |
TOP OF THE 8TH |
Scottsdale Scorpions batting - Pitching for El Paso Texans : RHP Oscar Martin
|
Batting: LHB Tony Ayala
|
0-0: Ball 1-0: Foul Ball, location: 2F 1-1: Ground out 1-3 (Groundball, P)
|
Batting: RHB Phil Rowlett
|
0-0: Ball 1-0: Ball 2-0: Ball 3-0: Base on Balls
|
Batting: LHB John Jones
|
0-0: Ball 1-0: Ball 2-0: Foul Ball, location: 2F 2-1: Called Strike 2-2: Foul Ball, location: 2F 2-2: Ball 3-2: Foul Ball, location: 2F 3-2: Base on Balls Phil Rowlett to second
|
Batting: RHB Rob Johnston
|
0-0: Ball 1-0: Fly out, F8 (Flyball, 8LS)
|
Batting: RHB Miguel Ramos
|
0-0: Ball 1-0: Ball 2-0: Called Strike 2-1: Swinging Strike 2-2: Fly out, F7 (Flyball, 78S)
|
Top of the 8th over - 0 runs, 0 hits, 0 errors, 2 left on base; Scottsdale 4 - El Paso 0 |
BOTTOM OF THE 8TH |
El Paso Texans batting - Pitching for Scottsdale Scorpions : RHP Jorge Chávez
|
Batting: RHB Chris Smith
|
0-0: Ground out 5-3 (Groundball, 56S)
|
Batting: RHB Manny Holguín
|
0-0: Foul Ball, location: 2F 0-1: Ball 1-1: Foul Ball, location: 2F 1-2: Ground out 6-3 (Groundball, 6MD)
|
Batting: RHB Ed McVinish
|
0-0: Called Strike 0-1: Ball 1-1: Ball 2-1: Foul Ball, location: 2F 2-2: Ball 3-2: Foul Ball, location: 2F 3-2: Fly out, F8 (Flyball, 8RM)
|
Bottom of the 8th over - 0 runs, 0 hits, 0 errors, 0 left on base; Scottsdale 4 - El Paso 0 |
TOP OF THE 9TH |
Scottsdale Scorpions batting - Pitching for El Paso Texans : RHP Oscar Martin
|
Batting: RHB Carlos Rosales
|
0-0: Ball 1-0: Ball 2-0: Ball 3-0: Called Strike 3-1: Foul Ball, location: 2F 3-2: SINGLE (Groundball, 4MD)
|
Batting: RHB Nathan Taylor
|
0-0: Called Strike 0-1: Bunted foul 0-2: Ball 1-2: Foul Ball, location: 2F 1-2: Fly out, F6 (Line Drive, 6)
|
Batting: RHB José Martínez
|
0-0: Ball 1-0: Ball 2-0: Called Strike 2-1: Ball 3-1: Swinging Strike 3-2: Fly out, F6 (Popup, 6)
|
Batting: RHB Randy Banks
|
0-0: Ball 1-0: Called Strike 1-1: Reached on error, E4 (Groundball, 4) Carlos Rosales to second
|
Batting: LHB Tony Ayala
|
0-0: Fielders Choice at 2nd, 6-4 (Groundball, 6)
|
Top of the 9th over - 0 runs, 1 hit, 1 error, 2 left on base; Scottsdale 4 - El Paso 0 |
BOTTOM OF THE 9TH |
El Paso Texans batting - Pitching for Scottsdale Scorpions : RHP Jorge Chávez
|
Batting: LHB Gus Price
|
0-0: Swinging Strike 0-1: Foul Ball, location: 2F 0-2: Foul Ball, location: 2F 0-2: Ball 1-2: Foul Ball, location: 2F 1-2: Strikes out swinging
|
Batting: RHB Stephen Black
|
0-0: Called Strike 0-1: Swinging Strike 0-2: Foul Ball, location: 2F 0-2: Ball 1-2: Foul Ball, location: 2F 1-2: Strikes out looking
|
Batting: LHB António Fonseca
|
0-0: Called Strike 0-1: Called Strike 0-2: Fly out, F8 (Flyball, 8LD)
|
Bottom of the 9th over - 0 runs, 0 hits, 0 errors, 0 left on base; Scottsdale 4 - El Paso 0 |
|